 Dungeon Crawl Stone Soup version 0.31.0-11-ge490571c62 (webtiles) character file.

Game seed: 16944819777306598201

56 monsoonserge the Sneak (level 3, -2/19 HPs)
             Began as a Spriggan Delver on Jan 30, 2024.
             Was a Believer of Uskayaw.
             Slain by an orc
             ... wielding a +0 hand axe
              (4 damage)
             ... on level 3 of the Dungeon.
             The game lasted 00:08:11 (1645 turns).

monsoonserge the Sneak (Spriggan Delver)            Turns: 1645, Time: 00:08:11

Health: -2/19      AC:  2    Str:  8    XL:     3   Next: 69%
Magic:  0/4        EV: 17    Int: 11    God:    Uskayaw [**....]
Gold:   90         SH:  4    Dex: 18    Spells: 2/2 levels left

rFire   . . .        a - +0 short sword
rCold   . . .        h - +0 buckler
rNeg    . . .        b - +0 robe
rPois   .            (helmet restricted)
rElec   .            (no cloak)
rCorr   .            (gloves unavailable)
SInv    +            (boots unavailable)
Will    .....        (no amulet)
Stlth   ++++         (no ring)
HPRegen 0.23/turn    (no ring)
MPRegen 0.09/turn

%: no passive effects
@: very quick
A: very small, no large weapons, unfitting armour, see invisible, speed 3
a: Renounce Religion, Stomp, Line Pass


You were on level 3 of the Dungeon.
You worshipped Uskayaw.
Uskayaw was noncommittal.
You visited 2 branches of the dungeon, and saw 6 of its levels.

You collected 90 gold pieces.

Inventory:

Hand Weapons
 a - a +0 short sword (weapon)
Armour
 b - a +0 robe (worn)
 h - a +0 buckler (worn)
Wands
 g - a wand of digging (3)
 j - a wand of flame (13)
Scrolls
 c - a scroll of fog
 d - a scroll of revelation
 e - a scroll of fear
 i - a scroll of identify {unknown}
 k - 2 scrolls of amnesia {unknown}
 l - a scroll of teleportation {unknown}
 n - a scroll of vulnerability {unknown}
 o - a scroll of brand weapon {unknown}
 r - a scroll of blinking {unknown}
Potions
 f - a potion of haste
 m - 2 potions of magic {unknown}
 p - a potion of degeneration {unknown}
 q - a potion of curing {unknown}


   Skills:
 + Level 2.5 Fighting
 * Level 3.0 Short Blades
 + Level 2.9 Dodging
 + Level 7.9 Stealth
 * Level 0.7 Shields
 * Level 1.0 Invocations


You had 2 spell levels left.
You didn't know any spells.
Your spell library contained the following spells:

 Spells                   Type           Power      Damage    Failure   Level
 Slow                     Hex            0%         N/A       50%         1
 Confusing Touch          Hex            0%         N/A       86%         3
 Sigil of Binding         Hex            0%         N/A       86%         3
 Vampiric Draining        Necr           0%         2d6       86%         3


Dungeon Overview and Level Annotations

Branches:
Dungeon (5/15)             Temple (1/1) D:4

Altars:
Ashenzari
Cheibriados
Elyvilon
Gozag
Hepliaklqana
Kikubaaqudgha
Makhleb
Nemelex Xobeh
Qazlal
Sif Muna
Uskayaw
Vehumet
Xom
Yredelemnul
Zin

Shops:
D:1 [   D:2 (


Innate Abilities, Weirdness & Mutations

You are very small and have problems with some larger weapons.
You are too small for most types of armour.
You have supernaturally acute eyesight. (SInv)
You cover ground extremely quickly. (Speed+++)


Message History

The orc hits you but does no damage.
You can now pass through a line of other dancers.
You closely miss the orc.
The orc is moderately wounded.
The orc completely misses you.
You hit the orc.
The orc is heavily wounded.
You block the orc's attack.
You completely miss the orc.
The orc is heavily wounded.
You block the orc's attack.
You barely miss the orc.
The orc is heavily wounded.
The orc hits you with a +0 mace!
* * * LOW HITPOINT WARNING * * *
You hit the orc.
You kill the orc!
You barely miss the orc. The orc completely misses you.
Aiming: Line Pass
Press: ? - help, Dir - move target The orc appears confused. x3
You can no longer pass through a line of other dancers.
The orc hits you with a +0 club.
* * * LOW HITPOINT WARNING * * *
Unknown command.
You catch the helpless orc completely off-guard!
You impale the orc!!
You kill the orc!
The orc hits the orc with a +0 hand axe.
Your Short Blades skill increases to level 3!
Things that are here:
a +0 club; a +0 leather armour You hit the orc.
The orc is lightly wounded.
The orc seems less confused. x2; The orc completely misses you.
You can now pass through a line of other dancers.
You barely miss the orc.
The orc is lightly wounded.
The orc hits you with a +0 hand axe.
You die...

###.#.###......
#######............
.........####......
#######..#
#.$...#).#
#.....#.##
#.._..#o# #.$...#o#
#.....#@# ###'###.#
...........'...
$.#.#...####...
#...##.## ## ##


You could see 2 orcs.

Vanquished Creatures
  2 gnolls (D:3)
  A ribbon worm (D:2)
  2 dart slugs
  3 orcs (D:3)
  3 endoplasms
  A giant cockroach (D:2)
  A goblin (D:1)
  3 hobgoblins
  2 quokkas (D:1)
  3 ball pythons
  4 bats
25 creatures vanquished.

Notes
Turn   | Place    | Note
-------+----------+-------------------------------------------
     0 | D:5      | monsoonserge the Spriggan Delver began the quest for the
                  | Orb.
     0 | D:5      | Reached XP level 1. HP: 11/11 MP: 2/2
     8 | D:5      | Noticed an orc priest
    13 | D:5      | Noticed an iguana
    37 | D:5      | Noticed a bombardier beetle
    62 | D:4      | Found a staircase to the Ecumenical Temple.
    79 | Temple   | Entered the Ecumenical Temple
    88 | Temple   | Became a worshipper of Uskayaw the Reveller
   104 | D:4      | Noticed an iguana
   223 | D:4      | Noticed a sleepcap
   296 | D:4      | Noticed a bombardier beetle
   304 | D:4      | Found a radiant altar of Vehumet.
   311 | D:4      | Reached * piety under Uskayaw
   431 | D:2      | Reached ** piety under Uskayaw
   519 | D:2      | Found Dicsulau's Weapon Boutique.
   532 | D:2      | Reached XP level 2. HP: 16/16 MP: 3/3
   553 | D:2      | Identified the +6 hand axe "Grum" {freeze, rPois Str+3
                  | Int+4 SInv}
   674 | D:1      | Found Muaqaanu's Armour Boutique.
  1190 | D:1      | Found a faded altar of an unknown god.
  1369 | D:2      | Reached XP level 3. HP: 19/19 MP: 4/4
  1528 | D:3      | Reached skill level 1 in Invocations
  1623 | D:3      | Found a sparkling altar of Nemelex Xobeh.
  1645 | D:3      | Slain by an orc

Illustrated notes

Levels and vault maps discovered:
D:1:      minmay_arrival_arboretum_small, layout_loops_corners,
          ebering_ecumenical_altar_rust, serial_shops, nicolae_shop_scrapyard
D:2:      layout_loops_ring, serial_shops, nicolae_shop_tiny_real_fake_doors
D:3:      layout_loops_corners, amcnicky_altar_gilded
D:4:      layout_basic, vehumet_altar_wand_db, temple_statues, uniq_duvessa
D:5:      layout_rooms, lightli_temple_of_fire
Temple:   compressed_dpeg_triangle_lava_temple

Skill      XL: |  1  2  3 |
---------------+----------+-----
Invocations    | 1 |  1.0
Short Blades   | 3 |  3.0
Fighting       | |  2.5
Dodging        | |  2.9
Stealth        | |  7.9
Shields        | |  0.7

Action                     || total
---------------------------++-------
  Melee: Short sword       ||    85
 Invoke: Stomp             ||     1
         Line Pass         ||     1
   Stab: Sleeping          ||    12
         Confused          ||     1
 Armour: Robe              ||    24
  Dodge: Dodged            ||    39
  Block: Buckler           ||    18
